 Dungeon Crawl Stone Soup version 0.21-a0-510-g5070ee8bc0 (webtiles) character file.

67 Kaname the Magician (level 4, 25/30 HPs)
             Began as a Demonspawn Wizard on Dec 1, 2017.
             Quit the game on level 3 of the Dungeon.
             The game lasted 00:04:22 (1825 turns).

Kaname the Magician (Demonspawn Wizard)             Turns: 1825, Time: 00:04:22

Health: 25/30      AC:  4    Str:  7    XL:     4   Next: 0%
Magic:  4/8        EV: 12    Int: 24    God:
Gold:   172        SH:  0    Dex: 12    Spells: 3/9 levels left

rFire    . . .     SeeInvis .   i - +0 short sword (curse)
rCold    . . .     Gourm    .   (no shield)
rNeg     . . .     Faith    .   a - +0 robe
rPois    .         Spirit   .   b - +0 hat
rElec    .         Reflect  .   (no cloak)
rCorr    .         Harm     +   (no gloves)
MR       .....                  (no boots)
Stlth    ++........             g - amulet of harm
HPRegen  0.10/turn              f - +4 ring of intelligence
MPRegen  0.11/turn              (no ring)

@: no status effects
A: molten scales 1, powered by pain 1
a: no special abilities


You were on level 3 of the Dungeon.
You were hungry.

You visited 1 branch of the dungeon, and saw 3 of its levels.

You collected 172 gold pieces.

Inventory:

Hand Weapons
 i - a cursed +0 short sword (weapon)
Missiles
 l - 2 javelins (quivered)
Armour
 a - a +0 robe (worn)
 b - a +0 hat (worn)
Jewellery
 f - a +4 ring of intelligence (left hand)
 g - an amulet of harm (around neck)
Wands
 n - a wand of flame (40)
Scrolls
 k - 6 scrolls of identify {unknown}
 o - a scroll of amnesia {unknown}
 q - a scroll of fog {unknown}
Potions
 e - 4 potions of heal wounds {unknown}
 h - a potion of resistance {unknown}
 m - a potion of curing {unknown}
Books
 c - a book of Minor Magic

   Spells                             Type                      Level
   a - Magic Dart                     Conjuration                  1
   b - Blink                          Translocation                2
   c - Call Imp                       Summoning                    2
   d - Slow                           Hexes                        2
   e - Conjure Flame                  Conjuration/Fire             3
   f - Mephitic Cloud                 Conjuration/Poison/Air       3
Comestibles
 d - 2 bread rations
 j - a royal jelly
 p - 2 fruits


   Skills:
 - Level 1.7 Dodging
 - Level 1.7 Stealth
 - Level 3.0 Spellcasting
 - Level 3.0 Conjurations
   Level 1.0 Summonings
 - Level 2.0 Translocations
 + Level 1.0 Air Magic


You had 3 spell levels left.
You knew the following spells:

 Your Spells              Type           Power        Failure   Level  Hunger
a - Magic Dart            Conj           ###.         3%          1    None
b - Blink                 Tloc           N/A          7%          2    ##.....
c - Mephitic Cloud        Conj/Pois/Air  ##......     19%         3    ###....


Dungeon Overview and Level Annotations

Branches:
Dungeon (3/15)

Altars:


Innate Abilities, Weirdness & Mutations

You are partially covered in molten scales. (AC +2)
You sometimes gain a little power by taking damage.


Message History

The magic dart hits the dart slug.
You kill the dart slug!
A goblin and a kobold come into view.
Found a tourmaline ring.
There are monsters nearby!
There are monsters nearby!
Casting: Magic Dart
Confirm with . or Enter, or press ? or * to list all spells.
Aiming: Magic Dart
Press: ? - help, Shift-Dir - straight line, f - goblin
Aim: a goblin (resting)
The magic dart hits the goblin.
You kill the goblin!
Your Air Magic skill increases to level 1!
You have reached level 4!
You feel agile.
Your demonic ancestry asserts itself...
Molten scales grow over part of your body.
You hear a shout! 2 goblins come into view.
Are you sure you want to abandon this character and quit the game? (Confirm with "yes".)

#.#...8.# #...#.#
#.#.....## #.#.#.#
#.#.#....#
####.#.#.#
#.#.##†..##
#....#....
#.##....###.#######.
#.###.<.#......# ..
#...#...#......# ##
############.#.#
#@#... #.# .## ?.. #
.#.#. ..#.#.. #. ..#
## Kg ..# .g .=#


You could see 2 goblins and a kobold (wandering).

Vanquished Creatures
  2 oozes
  2 dart slugs
  A worm (D:2)
  3 leopard geckos
  A giant cockroach (D:2)
  8 goblins
  5 hobgoblins
  7 jackals
  5 bats
  4 frilled lizards
  2 kobolds
  9 rats
49 creatures vanquished.

Notes
Turn   | Place    | Note
-------+----------+-------------------------------------------
     0 | D:1      | Kaname the Demonspawn Wizard began the quest for the Orb.
     0 | D:1      | Reached XP level 1. HP: 13/13 MP: 4/4
   244 | D:1      | Gained mutation: You sometimes gain a little power by taking damage. [demonic ancestry]
   244 | D:1      | Reached XP level 2. HP: 17/19 MP: 1/6
   288 | D:1      | Learned a level 2 spell: Blink
   930 | D:2      | Reached skill level 1 in Translocations
   930 | D:2      | Reached XP level 3. HP: 24/24 MP: 5/7
  1159 | D:2      | Learned a level 3 spell: Mephitic Cloud
  1824 | D:3      | Reached skill level 1 in Air Magic
  1824 | D:3      | Gained mutation: You are partially covered in molten scales. (AC +2) [demonic ancestry]
  1824 | D:3      | Reached XP level 4. HP: 25/30 MP: 4/8
  1825 | D:3      | Quit the game

Vault maps used:
D:1:      shiori_arrival_maze, serial_glass, glass_columns_b, glass_columns_a
D:2:      first_bread
D:3:      nicolae_overflow_crystal_walls, chequers_ecumenical_altar_grove,
          grunt_ministairs_12, uniq_robin, uniq_sigmund

Skill      XL: |  1  2  3 |
---------------+----------+-----
Conjurations   | 2 3 |  3.0
Translocations | 1 2 |  2.0
Air Magic      | 1 |  1.0
Dodging        | |  1.7
Stealth        | |  1.7
Spellcasting   | |  3.0
Summonings     | |  1.0

Action                   |  1- 3 |  4- 6 || total
-------------------------+-------+-------++-------
Melee: Unarmed           |    11 |       ||    11
       Short sword       |    39 |       ||    39
 Cast: Magic Dart        |    76 |     1 ||    77
 Stab: Sleeping          |     1 |       ||     1
  Eat: Chunk             |     2 |       ||     2
Armor: Robe              |     6 |       ||     6
Dodge: Dodged            |    48 |       ||    48

Table legend:
 A = Spawn XP
 B = Non-spawn XP
 C = Spawn XP percentage of total XP
 D = Spawn monster count
 E = Non-spawn monster count
 F = Spawn count percentage of total count
 G = Total turns spent on level
                    A         B        C        D         E        F      G
               +---------+---------+-------+---------+---------+-------+---------
         Total |       0 |      97 |   0.0 |       0 |      49 |   0.0 |  1825
               +---------+---------+-------+---------+---------+-------+---------
           D:1 |       0 |      40 |   0.0 |       0 |      21 |   0.0 |   929
           D:2 |       0 |      38 |   0.0 |       0 |      22 |   0.0 |   800
           D:3 |       0 |      19 |   0.0 |       0 |       6 |   0.0 |    96
               +---------+---------+-------+---------+---------+-------+---------
